AoeStats
← СерыйСерый

Arena

510533837Analyzed
1v1 RM · 23h ago on Oct 1, 2026· 47m 44s· 2 players
Game mode
Random Map
Map size
Tiny (2 player)
Population
200
Speed
Normal
Resources
Standard
Victory
Conquest
Starting age
Dark Age
Ending age
Imperial Age
RankedLock teamsTeams togetherTeam positionsShared explorationLock speedFull tech treeHidden civsTurbo modeCheats
Victory
Defeat
🇨🇴 Aztecs · Colombia
510
+12
432
-12
СерыйСерый
10:14 Feudal Age
11:33 Wheelbarrow
10:44 Loom
12:15 Horse Collar
12:49 Double-Bit Axe
15:53 Bloodlines
17:47 Scale Barding Armor
17:51 Fletching
22:47 Castle Age
22:59 Forging
23:53 Bow Saw
24:12 Husbandry
23:34 Light Cavalry
28:59 Thumb Ring
28:15 Crossbowman
33:32 Hand Cart
34:18 Ballistics
34:53 Herbal Medicine
34:52 Treadmill Crane
35:39 Chain Barding Armor
41:27 Imperial Age
40:55 Hill Forts
41:04 Hill Forts
42:48 Conscription
42:41 Bodkin Arrow
43:37 Murder Holes
46:34 Two-Man Saw
46:33 Winged Hussar
Nicoleitor8219
7:30 Loom
10:16 Feudal Age
19:52 Castle Age
17:39 Double-Bit Axe
18:20 Horse Collar
19:08 Stone Mining
20:39 Wheelbarrow
19:58 Gold Mining
20:29 Arson
20:08 Man-at-Arms
20:34 Gambesons
20:11 Eagle Warrior
21:57 Bow Saw
23:08 Long Swordsman
24:22 Hand Cart
27:16 Forging
26:56 Fletching
27:06 Scale Mail Armor
30:37 Elite Skirmisher
33:33 Murder Holes
36:07 Scale Mail Armor
36:07 Padded Archer Armor
36:42 Iron Casting
36:03 Bodkin Arrow
40:22 Ballistics
41:54 Chain Mail Armor
41:54 Leather Archer Armor
44:44 Imperial Age
42:00 Town Watch
42:27 Pikeman
43:08 Squires
46:20 Capped Ram
48:08 Garland Wars
Connection lost

Rejoining the realm…

Still unreachable

The connection could not be restored.

Session expired

The server has moved on; the page needs a fresh start.